 Seeded DCSS version 0.28-a0-819-g6ef7baa362 (webtiles) character file.

Game seed: 20211109 (custom seed)

26100 a11behringer the Fencer (level 12, -75/110 HPs)
             Began as a Minotaur Berserker on Nov 9, 2021.
             Was a High Priest of Trog.
             Annihilated by a titanic slime creature (92 damage)
             ... on level 14 of the Dungeon.
             The game lasted 00:44:26 (14077 turns).

a11behringer the Fencer (Minotaur Berserker)       Turns: 14077, Time: 00:44:27

Health: -75/110    AC: 26    Str: 24    XL:     12   Next: 95%
Magic:  11/11      EV: 13    Int:  4    God:    Trog [*****.]
Gold:   211        SH: 12    Dex: 19    Spells: 11/11 levels left

rFire   + + .      SeeInvis .   c - +4 demon blade (freeze)
rCold   . . .      Faith    .   A - +0 kite shield
rNeg    . . .      Spirit   .   X - +3 plate armour {rF+}
rPois   .          Reflect  .   l - +2 hat
rElec   .          Harm     .   O - +0 cloak
rCorr   .          Rampage  .   E - +0 pair of gloves
Will    .....                   Q - +1 pair of boots
Stlth   ..........              (no amulet)
HPRegen 0.28/turn               L - +6 ring of dexterity
MPRegen 0.12/turn               z - +4 ring of evasion

@: on berserk cooldown, slowed, very slow
A: horns 2, retaliatory headbutt, talons 1, fire resistance 1
a: Renounce Religion, Berserk, Trog's Hand, Brothers in Arms


You were on level 14 of the Dungeon.
You worshipped Trog.
Trog was extremely pleased with you.
You visited 1 branch of the dungeon, and saw 14 of its levels.

You collected 887 gold pieces.
You spent 676 gold pieces at shops.

Inventory:

Hand Weapons
 a - a +2 rapier of speed
 c - a +4 demon blade of freezing (weapon)
 r - a +0 hand crossbow
 u - a +0 shortbow
 C - a +1 long sword of flaming
 S - a +4 long sword
 T - a +7 long sword
Missiles
 e - 18 poisoned darts (quivered)
 f - 248 bolts
 n - 278 arrows
 x - 2 throwing nets
Armour
 b - a +0 animal skin
 l - a +2 hat (worn)
 m - a +0 scale mail
 p - a +1 chain mail of poison resistance
 A - a +0 kite shield (worn)
 B - a +0 plate armour
 E - a +0 pair of gloves (worn)
 G - a +4 scale mail of fire resistance
 O - a +0 cloak (worn)
 Q - a +1 pair of boots (worn)
 V - a +0 tower shield
 X - a +3 plate armour of fire resistance (worn)
Jewellery
 i - a ring of resist corrosion
 v - a ring of poison resistance
 z - a +4 ring of evasion (right hand)
 D - a ring of magical power
 L - a +6 ring of dexterity (left hand)
 Z - a ring of flight
Wands
 y - a wand of iceblast (13)
 J - a wand of paralysis (12)
 K - a wand of mindburst (28)
 N - a wand of digging (4)
 P - a wand of flame (27)
Scrolls
 k - 6 scrolls of fear
 q - 2 scrolls of teleportation
 s - 2 scrolls of blinking
 R - 3 scrolls of amnesia
 U - 2 scrolls of identify
 Y - a scroll of immolation
Potions
 d - 4 potions of brilliance
 g - a potion of berserk rage
 h - 13 potions of degeneration
 j - a potion of haste
 o - 3 potions of mutation
 t - 2 potions of curing
 w - 3 potions of lignification
 F - a potion of magic
 H - a potion of invisibility
 I - 2 potions of might
 M - 4 potions of resistance
 W - a potion of heal wounds


   Skills:
 + Level 11.6 Fighting
 + Level 16.2 Long Blades
 * Level 4.5 Crossbows
 + Level 12.8 Armour
 - Level 5.1 Dodging
 * Level 10.4 Shields


You had 11 spell levels left.
You didn't know any spells.
Your spell library was empty.

Dungeon Overview and Level Annotations

Branches:
Dungeon (14/15)            Temple (0/1) D:5            Lair (0/6) D:11
    Orc (0/2) D:12         Vaults (0/5) D:13

Altars:
Ashenzari
Kikubaaqudgha
Makhleb
Okawaru
Ru
Trog
Vehumet
Wu Jian
Xom
Yredelemnul
Jiyva

Shops:
D:6 *   D:7 [   D:9 *   D:10 :   D:12 *

Portals:
Trove: D:11 (give 5 scrolls of blinking)

Annotations:
D:11 3 runed translucent doors, bjtr's ghost, journeyman HuCj
D:12 exclusion: 2 statues


Innate Abilities, Weirdness & Mutations

You have a pair of horns on your head.
You reflexively headbutt those who attack you in melee.
You have sharp toenails.
Your flesh is heat resistant. (rF+)


Message History

You slash the two-headed ogre! You freeze the two-headed ogre!
You headbutt the two-headed ogre, but do no damage.
The two-headed ogre is almost dead.
You slash the two-headed ogre! You freeze the two-headed ogre.
You kill the two-headed ogre!
Trog accepts your kill.
Two slime creatures merge to form an enormous slime creature.
There is an open door, spattered with blood here.
Things that are here:
a +0 giant club; a +0 giant club; a two-headed ogre corpse An enormous slime creature splits.
Two slime creatures merge to form an enormous slime creature.
The enormous slime creature hits you!!!
You open the door. The enormous slime creature hits you!!!
Ouch! That really hurt!
* * * LOW HITPOINT WARNING * * *
There is an open door here.
A red film seems to cover your vision as you go berserk!
You feel yourself moving faster!
You feel mighty!
An enormous slime creature splits.
You feel a strong urge to attack something.
You block the slime creature's attack.
You feel your anger nearly subside.
You are no longer berserk.
You are exhausted.
You feel yourself slow down.
You open the door.
A large slime creature splits.
The slime creature barely misses you.
Found a potion of haste.
A large slime creature splits.
The slime creature hits you.
* * * LOW HITPOINT WARNING * * *
You block the slime creature's attack.
There is an open door here.
Two slime creatures merge to form a large slime creature.
Two slime creatures merge to form a very large slime creature.
Two slime creatures merge to form an enormous slime creature.
Two slime creatures merge to form a titanic slime creature.
The titanic slime creature hits you!!!!
Ouch! That really hurt!
You die...

#..... #.######...
####'# #.# #### #.
#.# #.# #### #.# ..#
#.# #.# ##'#########
+ #.#####..........#
#. #
#@J...'..........+
.#
#.#.#####..........#
. #.### #..........#
#. #..<#
#######+####
#.#####.# #.#
#.......# #.#
###.##### #.# #.###
#.# #...# #####.####


You could see a titanic slime creature.

Vanquished Creatures
  A boulder beetle (D:12)
  A centaur warrior (D:13)
  2 dancing weapons (D:13)
  A death knight (D:14)
  2 two-headed ogres
  A phantasmal warrior (D:14)
  A wizard (D:14)
  Pikel (D:5)
  2 deep elf pyromancers
  2 cyclopes (D:12)
  6 ugly things
  A manticore (D:12)
  2 guardian serpents (D:13)
  An unseen horror (D:12)
  A komodo dragon (D:12)
  A kobold demonologist (D:10)
  A freezing wraith (D:14)
  A troll (D:11)
  A troll (shapeshifter) (D:13)
  Prince Ribbit (D:5)
  Grinder (D:5)
  A hornet (D:8)
  6 slime creatures (D:12)
  A shadow (D:8)
  17 yaks
  A vampire (D:11)
  Sigmund (D:2)
  4 wraiths
  4 wyverns
  A human (shapeshifter) (D:14)
  Eustachio (D:4)
  12 vampire mosquitoes
  A basilisk (D:11)
  2 acid dragons
  7 water moccasins
  Duvessa (D:7)
  A swamp drake (D:12)
  4 sky beasts
  8 orc warriors
  4 ogres
  5 centaurs
  A phantom (D:4)
  A bullfrog (D:6)
  A kobold brigand (D:8)
  Dowan (D:7)
  4 scorpions
  4 wights (D:9)
  11 killer bees
  5 howler monkeys
  2 crimson imps
  5 centaur zombies
  A hound (D:4)
  A jelly (D:7)
  A bullfrog skeleton (D:4)
  13 orc priests
  16 orc wizards
  Terence (D:3)
  3 iguanas
  2 killer bee zombies (D:7)
  A howler monkey zombie (D:8)
  Robin (D:3)
  11 gnolls
  5 adders
  A shadow imp (D:7)
  3 white imps
  2 ufetubi (D:5)
  An adder skeleton (D:4)
  3 worms
  3 dart slugs
  49 orcs
  6 bats
  5 endoplasms
  3 giant cockroaches
  13 goblins
  11 hobgoblins
  2 jackals (D:1)
  6 kobolds
  6 quokkas
  7 ball pythons
  9 frilled lizards
  4 rats
338 creatures vanquished.

Vanquished Creatures (others)
  An orc (D:12)
  2 plants (D:11)
3 creatures vanquished.

Grand Total: 341 creatures vanquished

Notes
Turn   | Place    | Note
-------+----------+-------------------------------------------
     0 | D:1      | a11behringer the Minotaur Berserker began the quest for the
                  | Orb.
     0 | D:1      | Reached XP level 1. HP: 19/19 MP: 0/0
   268 | D:1      | Reached skill level 4 in Long Blades
   556 | D:1      | Found a faded altar of an unknown god.
   646 | D:1      | Reached XP level 2. HP: 27/27 MP: 1/1
  1386 | D:2      | Reached XP level 3. HP: 31/33 MP: 2/2
  1568 | D:2      | Reached skill level 5 in Long Blades
  1571 | D:2      | Noticed Sigmund
  1579 | D:2      | Killed Sigmund
  1579 | D:2      | Reached ** piety under Trog
  1580 | D:2      | Reached skill level 6 in Long Blades
  1580 | D:2      | Reached XP level 4. HP: 39/41 MP: 3/3
  1580 | D:2      | Reached XP level 5. HP: 45/47 MP: 4/4
  2604 | D:3      | Reached XP level 6. HP: 23/53 MP: 5/5
  2869 | D:3      | Reached skill level 7 in Long Blades
  3242 | D:3      | Identified a scroll of acquirement
  3242 | D:3      | Acquired a +2 demon blade of freezing
  3300 | D:3      | Reached *** piety under Trog
  3357 | D:3      | Noticed Terence
  3359 | D:3      | Killed Terence
  3503 | D:3      | Noticed Robin
  3512 | D:3      | Killed Robin
  3823 | D:4      | Reached skill level 5 in Fighting
  3946 | D:4      | Reached XP level 7. HP: 58/61 MP: 6/6
  3949 | D:4      | Reached skill level 8 in Long Blades
  4074 | D:4      | Noticed Eustachio
  4092 | D:4      | Killed Eustachio
  4144 | D:4      | Reached **** piety under Trog
  4333 | D:4      | Reached skill level 9 in Long Blades
  4384 | D:5      | Entered Level 5 of the Dungeon
  4435 | D:5      | Noticed Grinder
  4444 | D:5      | Killed Grinder
  4445 | D:5      | Reached XP level 8. HP: 69/69 MP: 7/7
  4518 | D:5      | Noticed Pikel
  4521 | D:5      | Reached skill level 10 in Long Blades
  4525 | D:5      | Killed Pikel
  4526 | D:5      | Reached skill level 11 in Long Blades
  4526 | D:5      | Reached skill level 5 in Armour
  4534 | D:5      | Found a staircase to the Ecumenical Temple.
  4629 | D:5      | Noticed Prince Ribbit
  4642 | D:5      | Killed Prince Ribbit
  4940 | D:5      | Found a burning altar of Makhleb.
  4940 | D:5      | Found a shimmering altar of Xom.
  5160 | D:5      | Reached skill level 12 in Long Blades
  5160 | D:5      | Reached XP level 9. HP: 70/75 MP: 8/8
  5618 | D:6      | Gained mutation: You have sharp toenails. [potion of
                  | mutation]
  5618 | D:6      | Gained mutation: Your flesh is heat resistant. (rF+)
                  | [potion of mutation]
  5856 | D:6      | Found Rutonke's Mayhem Merchandise.
  5953 | D:6      | Found a sacrificial altar of Ru.
  6200 | D:7      | Reached skill level 13 in Long Blades
  6344 | D:7      | Found a basalt altar of Yredelemnul.
  6546 | D:7      | Found Yduq's Armour Shoppe.
  6579 | D:7      | Noticed Dowan
  6580 | D:7      | Noticed Duvessa
  6588 | D:7      | Killed Duvessa
  6596 | D:7      | Killed Dowan
  6677 | D:7      | Found an iron altar of Okawaru.
  6677 | D:7      | Found an ornate altar of the Wu Jian Council.
  7273 | D:8      | Reached skill level 14 in Long Blades
  7273 | D:8      | Reached XP level 10. HP: 62/86 MP: 9/9
  7690 | D:8      | Reached skill level 1 in Shields
  8125 | D:9      | Reached ***** piety under Trog
  8327 | D:9      | Found Cicsouqa's Serpentskin Sales.
  8927 | D:10     | Entered Level 10 of the Dungeon
  9112 | D:10     | Found Yjokos's Book Emporium.
  9129 | D:10     | Noticed a rust devil
  9134 | D:10     | Reached XP level 11. HP: 95/95 MP: 10/10
  9189 | D:10     | Found a broken altar of Ashenzari.
  9189 | D:10     | Found a radiant altar of Vehumet.
  9190 | D:10     | Found an ancient bone altar of Kikubaaqudgha.
  9613 | D:11     | Reached skill level 15 in Long Blades
  9617 | D:11     | Found a staircase to the Lair.
  9621 | D:11     | Reached skill level 10 in Armour
  9624 | D:11     | Reached skill level 5 in Shields
  9813 | D:11     | Noticed a two-headed ogre
  9819 | D:11     | Killed a two-headed ogre
  9867 | D:11     | Found a runed translucent gate.
  9867 | D:11     | Found a runed translucent gate.
  9867 | D:11     | Found a runed translucent gate.
  9871 | D:11     | Noticed bjtr's ghost (journeyman HuCj)
  9871 | D:11     | Noticed a glowing orange brain
 10076 | D:11     | Noticed a deep elf pyromancer
 10097 | D:11     | Killed a deep elf pyromancer
 10491 | D:11     | Found a portal to a secret trove of treasure.
 10582 | D:11     | Found a viscous altar of Jiyva.
 10607 | D:12     | Found a staircase to the Orcish Mines.
 10617 | D:12     | Noticed a boulder beetle
 10680 | D:12     | Killed a boulder beetle
 10681 | D:12     | Reached skill level 5 in Dodging
 10913 | D:12     | Reached skill level 10 in Fighting
 10920 | D:12     | Noticed a purple ugly thing
 10931 | D:12     | Killed a purple ugly thing
 11200 | D:12     | Found Qoesm's Assorted Antiques.
 11207 | D:12     | Bought a shiny plate armour for 676 gold pieces
 11327 | D:12     | Noticed a deep elf pyromancer
 11330 | D:12     | Killed a deep elf pyromancer
 11333 | D:12     | Reached skill level 1 in Crossbows
 11333 | D:12     | Reached XP level 12. HP: 108/108 MP: 11/11
 12593 | D:13     | Identified the +12 trident of Skirmishing {flame, rF+ rC++
                  | MP+9}
 12740 | D:13     | Reached skill level 16 in Long Blades
 12873 | D:13     | Found a gate to the Vaults.
 13013 | D:13     | Noticed a centaur warrior
 13030 | D:13     | Killed a centaur warrior
 13783 | D:14     | Noticed a death knight
 13823 | D:14     | Reached skill level 10 in Shields
 13832 | D:14     | Killed a death knight
 13954 | D:14     | Found a bloodstained altar of Trog.
 14039 | D:14     | Noticed a two-headed ogre
 14046 | D:14     | Killed a two-headed ogre
 14077 | D:14     | Annihilated by a titanic slime creature

Illustrated notes

Levels and vault maps discovered:
D:1:      amcnicky_arrival_wind_blow, layout_basic,
          shapermc_ecumenical_altar_flowoftime
D:2:      layout_basic, minmay_misc_feat_secret_circle, kennysheep_boxes,
          uniq_sigmund
D:3:      layout_basic, serial_forest, infiniplex_forest_corner_1,
          infiniplex_forest_clump_small, infiniplex_forest_lined_room_,
          infiniplex_forest_clump_cross, infiniplex_forest_zigzag_1,
          infiniplex_forest_lined_2, infiniplex_forest_end_1, uniq_robin,
          uniq_terence
D:4:      layout_basic, chequers_serial_rivers_micro_e, uniq_eustachio
D:5:      layout_basic, grunt_temple_overflow_champion_of_chaos,
          minmay_temple_entry_slanted, amcnicky_mini_corridor_feature,
          uniq_pikel, uniq_grinder, uniq_prince_ribbit1
D:6:      layout_rooms, nicolae_ru_the_path_less_chosen, minmay_shop_mayhem,
          kennysheep_another_room, minmay_fire_ice_demons
D:7:      layout_loops_ring, gammafunk_temple_overflow_statue,
          mainiacjoe_overflow_alcove_4, serial_shops, nicolae_stop_n_shop_2,
          sigmund_army, uniq_duvessa
D:8:      minmay_evil_eye, layout_loops_ring
D:9:      layout_basic, guppyfry_shop_venom
D:10:     layout_loops_cross, gammafunk_temple_overflow_forgotten, serial_shops,
          shop
D:11:     layout_long_grid, minmay_lair_entry_grove,
          nicolae_trove_entry_columns, gammafunk_ghost_ooze
D:12:     layout_stronghold, erik_orc_1, serial_shops, shop,
          minmay_dual_archer_statues
D:13:     nrook_guardian_serpent_snake_passage, layout_loops_ring, erik_vaults_1
D:14:     layout_roguey, hex_tiny, grunt_ministairs_1, trog_butcher_becter

Skill      XL: |  1  2  3  4  5  6  7  8  9 10 11 12 |
---------------+-------------------------------------+-----
Long Blades    | 4 6 7 9 12 14 15 16 | 16.2
Fighting       | 4 5 6 7 8 10 11 | 11.6
Dodging        | 3 4 5 |  5.1
Armour         | 3 4 5 7 9 11 12 | 12.8
Shields        | 4 7 10 | 10.4
Crossbows      | 1 4 |  4.5

Action                   |  1- 3 |  4- 6 |  7- 9 | 10-12 || total
-------------------------+-------+-------+-------+-------++-------
Melee: Falchion          |    61 |    62 |       |       ||   123
       Headbutt          |     8 |    22 |    20 |   135 ||   185
       Demon blade       |       |    71 |   167 |   456 ||   694
       Kick              |       |       |    16 |    42 ||    58
Invok: Berserk           |     1 |     3 |     5 |     6 ||    15
       Trog's Hand       |       |     1 |     3 |     8 ||    12
  Use: Scroll            |       |     6 |     6 |    12 ||    24
       Potion            |       |       |     1 |     3 ||     4
Armor: Animal skin       |    11 |     2 |       |       ||    13
       Scale mail        |       |    12 |       |       ||    12
       Chain mail        |       |    30 |    61 |   158 ||   249
       Plate armour      |       |       |       |    70 ||    70
Dodge: Dodged            |    46 |    62 |    67 |   270 ||   445
Block: Kite shield       |       |       |       |   119 ||   119

Table legend: (Time is in decaauts)
 A = Elapsed time spent in this place.
 B = Non-inter-level travel time spent in this place.
 C = Inter-level travel time spent in this place.
 D = Time resting spent in this place.
 E = Time spent auto-exploring this place.
 F = Levels seen in this place.
 G = Mean time per level.
                   A        B        C        D        E       F      G
               +--------+--------+--------+--------+--------+-----+--------+
         Total |  14021 |  12652 |   1369 |      0 |  10825 |  14 | 1001.5 |
       Dungeon |  14021 |  12652 |   1369 |      0 |  10825 |  14 | 1001.5 |
               +--------+--------+--------+--------+--------+-----+--------+

Top non-repeatable levels by time:
    D:12: 1954 daAuts
     D:1: 1549 daAuts
     D:3: 1239 daAuts
    D:13: 1147 daAuts
     D:8: 1010 daAuts
     D:5: 1004 daAuts
    D:11: 987 daAuts
     D:2: 960 daAuts
     D:7: 850 daAuts
     D:9: 841 daAuts
     D:6: 797 daAuts
     D:4: 674 daAuts
    D:10: 658 daAuts
    D:14: 344 daAuts
